 Dungeon Crawl Stone Soup version 0.29.1-15-g9cfb28693d (webtiles) character file.

Game seed: 13928161368639007445

89 Sanktem7 the Trooper (level 4, -1/41 HPs)
             Began as a Minotaur Fighter on Mar 3, 2023.
             Constricted to death by Dowan (4 damage)
             ... on level 5 of the Dungeon.
             The game lasted 00:02:23 (2095 turns).

Sanktem7 the Trooper (Minotaur Fighter)             Turns: 2095, Time: 00:02:24

Health: -1/41      AC:  8    Str: 22    XL:     4   Next: 31%
Magic:  3/3        EV:  6    Int:  5    God:
Gold:   93         SH:  4    Dex: 10    Spells: 3/3 levels left

rFire   . . .      SeeInvis .   a - +0 war axe {axe}
rCold   . . .      Faith    .   c - +0 buckler
rNeg    . . .      Spirit   .   b - +0 scale mail
rPois   .          Reflect  .   (helmet restricted)
rElec   .          Harm     .   (no cloak)
rCorr   .          Rampage  .   l - +0 pair of gloves
Will    .....                   (no boots)
Stlth   ..........              u - amulet of the acrobat
HPRegen 0.13/turn               r - +4 ring of slaying
MPRegen 0.08/turn               (no ring)

@: grasped by roots, constricted
A: horns 2, retaliatory headbutt
a: no special abilities


You were on level 5 of the Dungeon.
You visited 1 branch of the dungeon, and saw 4 of its levels.

You collected 93 gold pieces.


Innate Abilities, Weirdness & Mutations

You have a pair of horns on your head.
You reflexively headbutt those who attack you in melee.


   Skills:
 * Level 4.8 Fighting
 * Level 4.0 Axes
 + Level 4.3 Armour
 - Level 3.6 Shields


You had 3 spell levels left.
You didn't know any spells.
Your spell library contained the following spells:

 Spells                   Type           Power      Damage    Failure   Level
 Static Discharge         Conj/Air       0%         3-3/arc   95%         2
 Dispel Undead            Necr           0%         3d6       100%        4
 Sticky Flame             Conj/Fire      0%         2d3       100%        4

Inventory:

Hand Weapons
 a - a +0 war axe (weapon) {axe}
 p - the +3 spear of Ruination {speed, rPois rC++ Dex+3, polearm}
   (You found it on level 2 of the Dungeon)

   Attacks with this weapon are significantly faster.
   Dex:       It affects your dexterity (+3).
   rC:        It greatly protects you from cold.
   rPois:     It protects you from poison.
Missiles
 j - 21 stones (quivered) {throwing}
 t - 5 poisoned darts {throwing}
Armour
 b - a +0 scale mail (worn)
 c - a +0 buckler (worn)
 l - a +0 pair of gloves (worn)
   (You found it on level 1 of the Dungeon)
Magical Staves
 q - a staff of cold {!astaff}
   (You found it on level 2 of the Dungeon)
Jewellery
 r - a +4 ring of slaying (left hand)
   (You found it on level 2 of the Dungeon)
 u - an amulet of the acrobat (around neck)
   (You found it on level 2 of the Dungeon)
 v - a ring of flight
   (You found it on level 3 of the Dungeon)
Scrolls
 e - 3 scrolls of identify {unknown}
 g - a scroll of noise {unknown}
 h - 2 scrolls of amnesia {unknown}
 i - a scroll of silence {unknown}
 k - a scroll of blinking {unknown}
 m - 2 scrolls of teleportation {unknown}
 n - 2 scrolls of magic mapping {unknown}
Potions
 d - 2 potions of might
 f - 2 potions of attraction {unknown}
 o - a potion of heal wounds {unknown}
 s - a potion of brilliance {unknown}
 w - a potion of resistance {unknown}

Dungeon Overview and Level Annotations

Branches:
Dungeon (3/15) Zot: 21871

Altars:

Annotations:
D:5 Dowan, Duvessa

..### ##... ##.... ###.....
#e #......## ...
......###..ยง. #..........
#..@eยง...... ##
##........... ### ##..
##...#######..#####.. #...##
##....# #.......#
......##.....## ##.......#
..............######.......##
..#......#...........###..#
#.....###.........## ##.##
#......##.........# ##.#


You could see Duvessa (fast) and Dowan.


Message History

You hit the worm. You headbutt the worm. The worm bites you but does no damage.
You slash the worm!
You kill the worm!
w - a fizzy cyan potion
e - 2 scrolls labelled DUTO TIOWIGA (gained 1)
n - 2 scrolls labelled FOETUVVURR (gained 1)
A rat comes into view.
A rat is nearby!
You barely miss the rat. The rat bites you but does no damage.
You slash the rat!
You kill the rat!
No target in view!
No target in view!
No target in view!
You now have 84 gold pieces (gained 5).
A quokka comes into view.
A quokka is nearby!
A quokka is nearby!
The quokka misses you. You furiously retaliate!
You headbutt the quokka!
You kill the quokka!
No target in view!
No target in view!
No target in view!
No target in view!
m - 2 scrolls labelled HOELOS BUOSO (gained 1) Key pressed, stopping explore.
f - 2 red potions (gained 1)
A sourceless malevolence fills the Dungeon...
You fall into a shaft and drop 2 floors!
The shaft crumbles and collapses.
You now have 93 gold pieces (gained 9).
An iguana comes into view.
An iguana is nearby!
An iguana is nearby!
The iguana closely misses you. You furiously retaliate!
You headbutt the iguana. You barely miss the iguana.
The iguana bites you but does no damage.
You slash the iguana!
You kill the iguana!
You have reached level 4!
You feel agile. ๐Ÿ˜Ž HP[+7] MP[+1]
You now have 41 max hp (+7).
Your hp is fully restored (41).
Your mp is fully restored (3).
e - 3 scrolls labelled DUTO TIOWIGA (gained 1)
A white imp comes into view.
The white imp shouts, "Relinquish hope, thou lumpish roguish puttock!"
A white imp is nearby!
A white imp is nearby!
The white imp gestures at you. The puff of frost hits you! ๐Ÿ˜• HP[-8]
You take 8 damage, and now have 33/41 hp.
Dowan, Brother of Duvessa comes into view.
He is wielding a +0 dagger and carrying a wand of roots (8).
Dowan shouts!
The white imp gestures at you. The puff of frost hits you.
Duvessa, Sister of Dowan comes into view.
She is wielding a +0 short sword.
Dowan moves out of view. ๐Ÿ˜ฎ HP[-4]
You take 4 damage, and now have 29/41 hp.
You are too injured to fight recklessly!
You are too injured to fight recklessly!
Duvessa shouts!
The white imp hits you. The white imp freezes you. ๐Ÿ˜ฎ HP[-3]
You take 3 damage, and now have 26/41 hp.
You slash the white imp!
You kill the white imp!
Dowan points at something and mumbles some strange words.
Your Axes skill increases to level 4! ๐Ÿ˜ฎ HP[+1] Duvessa hits you with a +0 short sword.
Dowan zaps a wand.
The roots erupt in riotous growth!
Duvessa is unaffected.
The grasping roots grab you! The grasping roots constrict you.
You hear a bark! ๐Ÿ˜ฎ HP[-3]
You take 3 damage, and now have 24/41 hp.
You hit Duvessa. You headbutt Duvessa! Duvessa hits you with a +0 short sword.
* * * LOW HITPOINT WARNING * * *
Duvessa hits you but does no damage. The grasping roots constrict you!
* * * LOW HITPOINT WARNING * * *
๐Ÿ˜จ HP[-11]
You take 11 damage, and now have 13/41 hp.
MASSIVE DAMAGE!! (PAUSE)
You closely miss Duvessa. Duvessa hits you but does no damage.
Dowan gestures wildly while chanting.
Dowan blinks!
The grasping roots constrict you. Duvessa hits you with a +0 short sword!
* * * LOW HITPOINT WARNING * * *
๐Ÿ˜ฑ HP[-7]
You take 7 damage, and now have 6/41 hp.
You slash Duvessa! Duvessa hits you with a +0 short sword.
* * * LOW HITPOINT WARNING * * *
Dowan gestures wildly while chanting.
Dowan blinks!
The grasping roots constrict you.
You die...

Skill      XL: |  1  2  3  4 |
---------------+-------------+-----
Fighting       | 4 |  4.8
Axes           | 3 4 |  4.0
Armour         | 4 |  4.3
Shields        | |  3.6

Action                   |  1- 3 |  4- 6 || total
-------------------------+-------+-------++-------
Melee: War axe           |    86 |     4 ||    90
       Headbutt          |     6 |     1 ||     7
Armor: Scale mail        |    42 |     2 ||    44
Dodge: Dodged            |    41 |       ||    41
Block: Buckler           |    19 |       ||    19

Levels and vault maps discovered:
D:1:      psy_arrival_radial02, layout_basic,
          shapermc_ecumenical_altar_mp_ritualfount
D:2:      layout_loops_corners
D:3:      layout_loops_ring
D:5:      layout_layer_cave, doesnt_xom_only_xom, kennysheep_mini,
          minmay_temple_entry_stoned_glass, hex_medium, uniq_eustachio,
          uniq_prince_ribbit1, uniq_blork_the_orc, uniq_duvessa

Notes
Turn   | Place    | Note
-------+----------+-------------------------------------------
     0 | D:1      | Sanktem7 the Minotaur Fighter began the quest for the Orb.
     0 | D:1      | Reached XP level 1. HP: 19/19 MP: 0/0
     0 | D:1      | magus.rc [v1.9.6]
     2 | D:1      | You pick up a book of Touch and begin reading...
     2 | D:1      | You add the spells Static Discharge, Sticky Flame and
                  | Dispel Undead to your library.
   110 | D:1      | Reached XP level 2. HP: 23/27 MP: 1/1
   184 | D:1      | Reached skill level 4 in Fighting
   344 | D:1      | Found a faded altar of an unknown god.
   347 | D:1      | Reached skill level 3 in Axes
   907 | D:1      | Reached skill level 4 in Armour
  1121 | D:2      | Identified the +3 spear of Ruination {speed, rPois rC++
                  | Dex+3}
  1167 | D:2      | Reached XP level 3. HP: 33/34 MP: 2/2
  2031 | D:3      | You fall into a shaft and drop 2 floors!
  2031 | D:5      | Entered Level 5 of the Dungeon
  2067 | D:5      | Reached XP level 4. HP: 41/41 MP: 3/3
  2087 | D:5      | Noticed Dowan
  2087 | D:5      | Noticed Duvessa
  2090 | D:5      | Reached skill level 4 in Axes
  2094 | D:5      | HP: 6/41 [Duvessa/+0 short sword (7)]
  2095 | D:5      | Constricted to death by Dowan

Vanquished Creatures
  An iguana (D:5)
  An adder (D:2)
  A white imp (D:5)
  A worm (D:3)
  A dart slug (D:1)
  5 bats
  5 endoplasms
  2 giant cockroaches
  2 goblins (D:1)
  4 hobgoblins
  4 quokkas
  3 ball pythons
  3 frilled lizards
  3 kobolds
  6 rats
42 creatures vanquished.

Vanquished Creatures (others)
  A fungus (D:1)
  6 plants (D:1)
7 creatures vanquished.

Grand Total: 49 creatures vanquished

Table legend:
 A = Non-vault XP
 B = Vault XP
 C = Vault XP percentage of total XP
 D = Non-vault monster count
 E = Vault monster count
 F = Vault count percentage of total count
                 A         B        C        D         E       F
            +---------+---------+-------+---------+---------+-------
      Total |     128 |       0 |   0.0 |      42 |       0 |   0.0
            +---------+---------+-------+---------+---------+-------
        D:1 |      38 |       0 |   0.0 |      21 |       0 |   0.0
        D:2 |      32 |       0 |   0.0 |      13 |       0 |   0.0
        D:3 |      12 |       0 |   0.0 |       6 |       0 |   0.0
        D:5 |      46 |       0 |   0.0 |       2 |       0 |   0.0
            +---------+---------+-------+---------+---------+-------

Illustrated notes

Table legend:
 A = Kills in this place as a percentage of kills in entire the game.
 B = Kills by you in this place as a percentage of kills by you in the entire game.
 C = Kills by friends in this place as a percentage of kills by friends in the entire game.
 D = Other kills in this place as a percentage of other kills in the entire game.
 E = Experience gained in this place as a percentage of experience gained in the entire game.
 F = Experience gained in this place divided by the number of levels of this place that you have seen.
                   A       B       C       D       E      F
               +-------+-------+-------+-------+-------+----------------------
         Total | 100.0 | 100.0 |   N/A |   N/A | 100.0 |  32.0
       Dungeon | 100.0 | 100.0 |   N/A |   N/A | 100.0 |  32.0
               +-------+-------+-------+-------+-------+----------------------

Table legend: (Time is in decaauts)
 A = Elapsed time spent in this place.
 B = Non-inter-level travel time spent in this place.
 C = Inter-level travel time spent in this place.
 D = Time resting spent in this place.
 E = Time spent auto-exploring this place.
 F = Levels seen in this place.
 G = Mean time per level.
                   A        B        C        D        E       F      G
               +--------+--------+--------+--------+--------+-----+--------+
         Total |   2127 |   2127 |      0 |      0 |   1823 |   4 |  531.8 |
       Dungeon |   2127 |   2127 |      0 |      0 |   1823 |   4 |  531.8 |
               +--------+--------+--------+--------+--------+-----+--------+

Top non-repeatable levels by time:
     D:1: 1078 daAuts
     D:2: 833 daAuts
     D:3: 149 daAuts
     D:5: 65 daAuts
